 Seeded DCSS version 0.28-a0-1130-gc51a68064b (webtiles) character file.

Game seed: 11214350384757242094 (custom seed)

1861 ytrimaz the Covert (level 8, -1/42 HPs)
             Began as a Spriggan Brigand on Dec 12, 2021.
             Was an Initiate of Dithmenos.
             Slain by Menkaure (17 damage)
             ... on level 7 of the Dungeon.
             The game lasted 00:15:21 (10869 turns).

ytrimaz the Covert (Spriggan Brigand)              Turns: 10869, Time: 00:15:21

Health: -1/42      AC:  3    Str:  7    XL:     8   Next: 89%
Magic:  0/12       EV: 28    Int: 12    God:    Dithmenos [......]
Gold:   262        SH:  0    Dex: 19    Spells: 12/12 levels left

rFire   . . .      SeeInvis +   a - +3 dagger
rCold   . . .      Faith    .   (shield restricted)
rNeg    . . .      Spirit   +   b - +0 robe
rPois   .          Reflect  .   (helmet restricted)
rElec   .          Harm     .   c - +0 cloak
rCorr   .          Rampage  .   (gloves unavailable)
Will    +....                   (boots unavailable)
Stlth   +++++.....              g - amulet of guardian spirit
HPRegen 0.14/turn               o - ring of wizardry
MPRegen 0.13/turn               u - +4 ring of evasion

@: very quick
A: very small, no large weapons, unfitting armour, see invisible, speed 3
a: Renounce Religion


You were on level 7 of the Dungeon.
You worshipped Dithmenos.
Dithmenos was noncommittal.
You visited 2 branches of the dungeon, and saw 8 of its levels.

You collected 262 gold pieces.

Inventory:

Hand Weapons
 a - a +3 dagger (weapon)
Missiles
 d - 24 poisoned darts (quivered)
 h - 2 curare-tipped darts
 q - 2 atropa-tipped darts
Armour
 b - a +0 robe (worn)
 c - a +0 cloak (worn)
Jewellery
 g - an amulet of guardian spirit (around neck)
 o - a ring of wizardry (left hand)
 u - a +4 ring of evasion (right hand)
Scrolls
 k - a scroll of teleportation
Potions
 e - a potion of lignification {unknown}
 f - a potion of heal wounds {unknown}
 i - a potion of flight
 j - a potion of magic
 l - a potion of ambrosia {unknown}
 m - a potion of resistance {unknown}
 n - 3 potions of brilliance
 p - a potion of degeneration {unknown}
 r - a potion of attraction {unknown}
 s - a potion of berserk rage {unknown}
 t - a potion of curing {unknown}


   Skills:
 + Level 3.7 Fighting
 + Level 7.0 Short Blades
 - Level 2.0 Throwing
 * Level 9.2 Dodging
 + Level 9.6 Stealth
 - Level 2.5 Spellcasting


You had 12 spell levels left.
You didn't know any spells.
Your spell library contained the following spells:

 Spells                   Type           Power      Damage    Failure   Level
 Freeze                   Ice            4%         1d3       11%         1
 Sandblast                Erth           2%         2d4       11%         1
 Corpse Rot               Necr/Air       2%         N/A       16%         2
 Passwall                 Tmut/Erth      0%         N/A       16%         2
 Poisonous Vapours        Pois/Air       2%         N/A       16%         2
 Ozocubu's Armour         Ice            1%         N/A       30%         3
 Swiftness                Air            1%         N/A       30%         3
 Animate Armour           Summ/Erth      2%         N/A       67%         4


Dungeon Overview and Level Annotations

Branches:
Dungeon (7/15)             Temple (1/1) D:6

Altars:
Ashenzari
Dithmenos
Elyvilon
Fedhas
Gozag
Hepliaklqana
Kikubaaqudgha
Makhleb
Okawaru
Qazlal
Ru
Trog
Uskayaw
Vehumet
Wu Jian
Xom
Yredelemnul
Zin
The Shining One

Shops:
D:2 :[?:(

Annotations:
D:5 1 exclusion
D:6 1 runed translucent door, Crazy Yiuf
D:7 Menkaure


Innate Abilities, Weirdness & Mutations

You are very small and have problems with some larger weapons.
You are too small for most types of armour.
You have supernaturally acute eyesight. (SInv)
You cover ground extremely quickly. (Speed+++)


Message History

You hit Menkaure.
Menkaure is heavily damaged.
Menkaure points at you and mumbles some strange words.
You resist with some effort.
You barely miss Menkaure.
Menkaure is heavily damaged.
Menkaure completely misses you.
Unknown command.
You hit Menkaure.
Menkaure is heavily damaged.
Menkaure casts a spell at you. Pain shoots through your body!
You hit Menkaure.
Menkaure is heavily damaged.
Menkaure completely misses you.
You hit Menkaure.
Menkaure is heavily damaged.
Unknown command.
You hit Menkaure but do no damage.
Menkaure is heavily damaged.
Menkaure hums in an indecipherable tongue.
Menkaure hits you.
You hit Menkaure.
Menkaure is severely damaged.
Menkaure completely misses you.
You barely miss Menkaure.
Menkaure is severely damaged.
Menkaure closely misses you.
Unknown command.
You hit Menkaure.
Menkaure is severely damaged.
Menkaure's ankle releases a plume of dust as he confides, "I'm not really a mummy, you know."
Menkaure hits you!
You hit Menkaure.
Menkaure is almost destroyed.
You hit Menkaure.
Menkaure is almost destroyed.
Menkaure breathes soot at you. Menkaure hits you!!
You die...

#.#..P...#### #.....
...... .....#....#
...... #.#
#....#._..##.P..#
#.#
#....#....#..)..#
#.#
#....#..........#
#.# #....#.#.P.PP.#.
#.# #....###.P.PM##
#.# #......#@)# #.
#.#######..######..#
#.# ..........## #[#
#.#### # #.#.....#.#
...#....#.#
#.+.....#.#
#..#.##.#z#.#.#
###.....+.#
#..#..........#
#.....###
#..#.##.#.# #.....#
#..z.z)...# #.....#
####..#.###.######


You could see Menkaure (fast) and a wight.

Vanquished Creatures
  A steam dragon (D:7)
  Duvessa (D:5)
  A water moccasin (D:7)
  An ice beast (D:5)
  An ogre (D:5)
  2 centaurs (D:6)
  A bullfrog (D:6)
  3 scorpions
  Dowan (D:5)
  A wight (D:7)
  2 jellies
  A howler monkey (D:4)
  2 bullfrog zombies
  A centaur zombie (D:6)
  7 orc priests
  3 hounds
  3 iguanas
  2 orc wizards
  4 gnolls (D:4)
  A howler monkey skeleton (D:5)
  5 adders
  2 ufetubi
  An adder skeleton (D:3)
  3 worms
  4 dart slugs
  19 orcs
  5 bats
  7 endoplasms
  4 giant cockroaches
  6 hobgoblins
  9 jackals
  4 quokkas
  12 ball pythons
  8 goblins
  2 kobolds
  7 rats
137 creatures vanquished.

Vanquished Creatures (others)
  2 withered plants (D:7)
2 creatures vanquished.

Grand Total: 139 creatures vanquished

Notes
Turn   | Place    | Note
-------+----------+-------------------------------------------
     0 | D:1      | ytrimaz the Spriggan Brigand began the quest for the Orb.
     0 | D:1      | Reached XP level 1. HP: 10/10 MP: 2/2
   131 | D:1      | Reached XP level 2. HP: 14/14 MP: 3/3
   144 | D:1      | Found a faded altar of an unknown god.
   765 | D:1      | Reached XP level 3. HP: 18/18 MP: 4/4
  1147 | D:1      | Got the Catalogue of Ash
  1550 | D:2      | Found Hozyngiv's Antique Armour Boutique.
  1573 | D:2      | Found Qidghopn's Magic Scroll Emporium.
  1921 | D:2      | Found Waehoycw's Book Shop.
  1978 | D:2      | Found Bedublif's Weapon Shop.
  1985 | D:2      | Reached XP level 4. HP: 23/23 MP: 5/5
  2126 | D:2      | Found Jibel's Book Emporium.
  2992 | D:2      | Reached skill level 1 in Spellcasting
  3367 | D:3      | Reached XP level 5. HP: 7/26 MP: 2/7
  4226 | D:4      | Found a hazy altar of Hepliaklqana.
  4229 | D:4      | Found a burning altar of Makhleb.
  4234 | D:4      | Found a glowing golden altar of the Shining One.
  4234 | D:4      | Found a hide-covered altar of Uskayaw.
  4234 | D:4      | Found an iron altar of Okawaru.
  4234 | D:4      | Found a broken altar of Ashenzari.
  4237 | D:4      | Found a shimmering altar of Xom.
  4240 | D:4      | Found a sacrificial altar of Ru.
  4566 | D:5      | Entered Level 5 of the Dungeon
  4610 | D:5      | Noticed an ice beast
  4656 | D:5      | Reached XP level 6. HP: 12/30 MP: 3/10
  4833 | D:5      | Killed an ice beast
  5393 | D:4      | Reached skill level 5 in Dodging
  5562 | D:4      | Reached XP level 7. HP: 25/35 MP: 7/11
  7183 | D:5      | Reached skill level 5 in Short Blades
  7283 | D:5      | Noticed Duvessa
  7283 | D:5      | Noticed Dowan
  7345 | D:5      | Killed Duvessa
  8036 | D:5      | Killed Dowan
  8037 | D:5      | Reached XP level 8. HP: 24/40 MP: 7/12
  8583 | D:5      | Noticed a two-headed ogre
  9248 | D:6      | Found a staircase to the Ecumenical Temple.
  9264 | Temple   | Entered the Ecumenical Temple
  9483 | Temple   | Became a worshipper of Dithmenos the Shadowed
  9536 | D:6      | Found a runed translucent door.
  9537 | D:6      | Noticed Crazy Yiuf
  9596 | D:6      | Found a basalt altar of Yredelemnul.
 10760 | D:7      | Noticed Menkaure
 10842 | D:7      | Found an ancient bone altar of Kikubaaqudgha.
 10869 | D:7      | Slain by Menkaure

Illustrated notes

Levels and vault maps discovered:
D:1:      sevenhm_arrival_forest_fort_small_1, layout_loops_corners,
          shapermc_ecumenical_altar_starsandcircs, minmay_tall_x
D:2:      layout_loops_cross, serial_shops, nicolae_shop_hallway_stairs,
          nicolae_shop_bloodbath_and_beyond, nicolae_shop_advertising_works
          [nicolae_subvault_shop_adworks], nicolae_shop_crystal, shop,
          serial_bayou_pond_e
D:3:      layout_basic
D:4:      layout_loops_corners, minitemple, chequers_serial_rivers_small_a,
          minmay_misc_feat_rows
D:5:      minmay_clustersquares, layout_basic, small_statue_intersection,
          uniq_duvessa
D:6:      layout_loops_ring, minmay_temple_entry_arrows, minmay_ruined_shrine,
          uniq_crazy_yiuf_cottage
D:7:      layout_basic, kennysheep_mini, kiku_gazebo_garden_becter,
          columned_hall_lemuel, uniq_menkaure
Temple:   jpeg_temple_alley_garden

Skill      XL: |  1  2  3  4  5  6  7  8 |
---------------+-------------------------+-----
Stealth        | 6 7 8 9 |  9.6
Dodging        | 2 3 4 5 6 9 |  9.2
Short Blades   | 3 4 5 7 |  7.0
Spellcasting   | 1 2 |  2.5
Fighting       | 2 3 |  3.7
Throwing       | |  2.0

Action                   |  1- 3 |  4- 6 |  7- 9 || total
-------------------------+-------+-------+-------++-------
Melee: Dagger            |   195 |   197 |   384 ||   776
Throw: Dart              |     8 |    11 |    21 ||    40
  Use: Scroll            |     1 |    10 |     1 ||    12
       Potion            |       |       |     2 ||     2
 Stab: Sleeping          |     9 |     9 |     3 ||    21
       Invisible         |       |     8 |     1 ||     9
Armor: Robe              |    29 |    14 |    13 ||    56
Dodge: Dodged            |   146 |   127 |   266 ||   539

Table legend: (Time is in decaauts)
 A = Elapsed time spent in this place.
 B = Non-inter-level travel time spent in this place.
 C = Inter-level travel time spent in this place.
 D = Time resting spent in this place.
 E = Time spent auto-exploring this place.
 F = Levels seen in this place.
 G = Mean time per level.
                   A        B        C        D        E       F      G
               +--------+--------+--------+--------+--------+-----+--------+
         Total |   8673 |   8523 |    150 |   2476 |   4339 |   8 | 1084.1 |
       Dungeon |   8524 |   8388 |    136 |   2476 |   4238 |   7 | 1217.7 |
        Temple |    148 |    134 |     14 |      0 |    101 |   1 |  148.0 |
               +--------+--------+--------+--------+--------+-----+--------+

Top non-repeatable levels by time:
     D:4: 2126 daAuts
     D:5: 1976 daAuts
     D:6: 1336 daAuts
     D:1: 1227 daAuts
     D:3: 887 daAuts
     D:2: 840 daAuts
  Temple: 148 daAuts
     D:7: 129 daAuts
